 Dungeon Crawl Stone Soup version 0.30.0-30-g96aa6591b8 (webtiles) character file.

Game seed: 2404409172810553519

39 cheesebisquit the Magician (level 3, -4/28 HPs)
             Began as a Djinni Fire Elementalist on June 28, 2023.
             Slain by a cerulean imp
             ... wielding a +3 spear
             ... summoned by Natasha
              (7 damage)
             ... on level 3 of the Dungeon.
             The game lasted 00:04:19 (1838 turns).

cheesebisquit the Magician (DjFE)                   Turns: 1838, Time: 00:04:19

Health: -4/28      AC:  2    Str:  7    XL:     3   Next: 67%
Gold:   96         EV: 11    Int: 18    God:
                   SH:  3    Dex: 13

rFire   + + +        (no weapon)
rCold   x . .        h - +0 buckler
rNeg    . . .        a - +0 robe
rPois   ∞            (no helmet)
rElec   .            (no cloak)
rCorr   .            (no gloves)
SInv    .            (boots unavailable)
Will    .....        (no amulet)
Stlth   ++           b - ring of protection from fire
HPRegen 0.24/turn    (no ring)
MPRegen 0.00/turn

%: infuse magic (-5 HP)
@: flying, slowed, very slow
A: sickness immunity, fire resistance 2, cold vulnerability 1, float, innate
caster, HP casting, extra vitality 1
a: no special abilities


You were on level 3 of the Dungeon.
You visited 1 branch of the dungeon, and saw 3 of its levels.

You collected 96 gold pieces.

Inventory:

Armour
 a - a +0 robe (worn)
 h - a +0 buckler (worn)
Jewellery
 b - a ring of protection from fire (left hand)
Scrolls
 d - 3 scrolls of identify {unknown}
 e - 2 scrolls of brand weapon {unknown}
 f - 2 scrolls of poison {unknown}
 j - a scroll of enchant weapon {unknown}
 k - a scroll of fear {unknown}
Potions
 c - a potion of mutation {unknown}
 g - 3 potions of degeneration {unknown}
 i - a potion of curing {unknown}
 l - a potion of heal wounds {unknown}


   Skills:
 + Level 1.8 Fighting
 - Level 2.1 Dodging
 - Level 1.5 Stealth
 + Level 0.7 Shields
 + Level 2.9 Spellcasting


You knew the following spells:

 Your Spells              Type           Power      Damage    Failure   Level
a - Foxfire               Conj/Fire      52%        2x1d6     9%          1
b - Scorch                Fire           26%        2d6       12%         2
c - Volatile Blastmotes   Fire/Tloc      26%        2d12      24%         3
d - Inner Flame           Hex/Fire       13%        N/A       24%         3
e - Flame Wave            Conj/Fire      13%        2d6       63%         4
f - Freeze                Ice            52%        1d6       9%          1
Your spell library was empty.

Dungeon Overview and Level Annotations

Branches:
Dungeon (3/15)

Altars:

Annotations:
D:3 Natasha, Terence


Innate Abilities, Weirdness & Mutations

You are immune to sickness and miasma.
You are immune to poison.
Your flesh is very heat resistant. (rF++)
You are vulnerable to cold. (rC-)
You float through the air rather than walking.
You learn spells naturally, not from books.
Your magical power is your life essence.
You have superior vitality. (+4 MHP)


Message History

An orc comes into view. It is wielding a +0 falchion.
Terence the Incautious comes into view.
He is wielding a +0 flail.
Casting: Foxfire (safe; 9% risk of failure)
Confirm with . or Enter, or press ? or * to list all spells.
You conjure some foxfire!
Terence shouts!
The foxfire hits the orc.
You kill the orc!
The foxfire hits the orc.
You kill the orc!
Casting: Foxfire (safe; 9% risk of failure)
Confirm with . or Enter, or press ? or * to list all spells.
You conjure some foxfire!
The foxfire hits Natasha.
Natasha is moderately wounded.
The foxfire hits the orc.
The orc is heavily wounded.
Flames lash Natasha.
Natasha is heavily wounded.
Natasha's fire resistance burns away.
The foxfire hits the orc but does no damage.
The orc is heavily wounded.
The foxfire hits the orc.
You kill the orc!
Natasha mumbles some strange words.
Casting: Scorch (safe; 12% risk of failure)
Confirm with . or Enter, or press ? or * to list all spells.
You conjure some foxfire!
Natasha stares at you and mumbles some strange words.
The magic dart hits you.
* * * LOW HITPOINT WARNING * * *
The cerulean imp hits you from afar with a +2 spear.
* * * LOW HITPOINT WARNING * * *
Okay, then.
Okay, then.
The foxfire hits the cerulean imp but does no damage. x2
Natasha stares at you and mumbles some strange words.
You feel yourself slow down.
Natasha is no longer more vulnerable to fire.
The cerulean imp hits you from afar with a +3 spear!
You die...

..#.# #.#.# ### #.#.##
....###.#..###
#.....).#...#
##..))5.###.##
........5h##..# #####
....).@...###.#####...#
##.....#5.@......##...#
....<..##....<........#
###.... #........##...#
#.... #........######
#.... #........# #..
#........# #........#
##########


You could see Terence, Natasha and 3 cerulean imps.

Vanquished Creatures
  4 orcs (D:3)
  5 bats
  3 endoplasms
  8 hobgoblins
  2 kobolds (D:1)
  2 ball pythons
  3 frilled lizards
  4 goblins (D:1)
  2 rats
33 creatures vanquished.

Vanquished Creatures (others)
  108 foxfires
108 creatures vanquished.

Grand Total: 141 creatures vanquished

Notes
Turn   | Place    | Note
-------+----------+-------------------------------------------
     0 | D:1      | cheesebisquit the Djinni Fire Elementalist began the quest
                  | for the Orb.
     0 | D:1      | cheesebisquit set off with the following spells memorised:
                  | Foxfire, Scorch, Volatile Blastmotes, Inner Flame, Flame
                  | Wave.
     0 | D:1      | Reached XP level 1. HP: 15/15 MP: 0/0
    70 | D:1      | Reached skill level 1 in Fighting
    70 | D:1      | Reached XP level 2. HP: 15/22 MP: 0/0
   403 | D:1      | Reached XP level 3. HP: 24/27 MP: 0/0
   403 | D:1      | Learned a level 1 spell: Freeze
  1826 | D:3      | Noticed Natasha
  1831 | D:3      | Noticed Terence
  1838 | D:3      | Slain by a cerulean imp

Illustrated notes

Levels and vault maps discovered:
D:1:      minmay_arrival_statue_studded, layout_basic, minmay_tetromino_i2
D:2:      layout_basic, serial_aquarium, aquarium_bridge_square
          [aquarium_subvault_bridge, aquarium_subvault_balcony,
          aquarium_subvault_window, aquarium_subvault_bridge],
          aquarium_window_corridor_3, aquarium_window_fake,
          aquarium_window_corner, aquarium_view_2e, aquarium_balcony_5b,
          aquarium_pool_2, minmay_misc_feat_ornament
D:3:      layout_rooms, lemuel_zombie_altar_kikubaaqudgha, uniq_jessica,
          uniq_natasha, uniq_terence

Skill      XL: |  1 |
---------------+----+-----
Fighting       | 1 |  1.8
Dodging        | |  2.1
Stealth        | |  1.5
Shields        | |  0.7
Spellcasting   | |  2.9

Action                     || total
---------------------------++-------
  Melee: Unarmed           ||     1
   Cast: Foxfire           ||    63
         Scorch            ||    10
 Armour: Robe              ||     2
  Dodge: Dodged            ||     3
